 Dungeon Crawl Stone Soup version 0.27.1-1-g398f81649c (webtiles) character file.

Game seed: 16479682650515364909

4 Descartes the Changer (level 1, 0/9 HPs)
             Began as a Felid Wanderer on Sept 11, 2021.
             Frozen to death by an endoplasm (3 damage)
             ... on level 1 of the Dungeon.
             The game lasted 00:00:42 (156 turns).

Descartes the Changer (Felid Wanderer)               Turns: 156, Time: 00:00:43

Health: 0/9        AC:  1    Str:  9    XL:     1   Next: 50%
Magic:  4/4        EV: 15    Int: 14    God:
Gold:   0          SH:  0    Dex: 13    Spells: 3/4 levels left
                                        Lives:  0   Deaths: 0

rFire    . . .     SeeInvis +     - Unarmed
rCold    . . .     Faith    .   (shield unavailable)
rNeg     . . .     Spirit   .   (armour unavailable)
rPois    .         Reflect  .   (helmet unavailable)
rElec    .         Harm     .   (cloak unavailable)
rCorr    .         Rampage  .   (gloves unavailable)
Will     .....                  (boots unavailable)
Stlth    ++........             (no amulet)
HPRegen  0.03/turn              (no ring)
MPRegen  0.09/turn              (no ring)

@: quick
A: very small, claws 1, fangs 3, see invisible, speed 1, shaggy fur 1, stealthy
paws, no weapons or thrown items, no armour, multi-lived
a: no special abilities


You were on level 1 of the Dungeon.
You visited 1 branch of the dungeon, and saw 1 of its levels.

Inventory:

Scrolls
 b - a scroll of immolation {unknown}
Potions
 a - a potion of curing


   Skills:
 - Level 1.0 Fighting
 * Level 0.6 Dodging
 * Level 2.9 Stealth
 + Level 1.0 Unarmed Combat
 - Level 2.0 Spellcasting
 * Level 0.2 Conjurations
 - Level 3.2 Transmutations
 - Level 1.1 Evocations


You had 3 spell levels left.
You knew the following spells:

 Your Spells              Type           Power      Damage    Failure   Level
a - Magic Dart            Conj           8%         1d3       22%         1

Your spell library contained the following spells:

 Spells                   Type           Power      Damage    Failure   Level
 Blink                    Tloc           N/A        N/A       34%         2
 Call Imp                 Summ           1%         N/A       34%         2
 Corpse Rot               Necr/Air       N/A        N/A       34%         2
 Slow                     Hex            1%         N/A       34%         2
 Static Discharge         Conj/Air       1%         N/A       34%         2
 Conjure Flame            Conj/Fire      1%         6-21      56%         3
 Mephitic Cloud           Conj/Pois/Air  1%         N/A       56%         3


Dungeon Overview and Level Annotations

Branches:
Dungeon (1/15)

Altars:


Innate Abilities, Weirdness & Mutations

You have sharp claws.
You have razor-sharp teeth.
You have supernaturally acute eyesight. (SInv)
You cover ground quickly. (Speed+)
You are covered in fur. (AC +1)
Your paws help you pounce on unaware monsters.
You are incapable of wielding weapons or throwing items.
You cannot wear armour.
You gain extra lives every three experience levels.


Message History

The hobgoblin is heavily wounded.
The hobgoblin closely misses you.
You scratch the hobgoblin.
You kill the hobgoblin!
No target in view!
No target in view!
No target in view!
No target in view!
Okay, then.
HP restored.
A dart slug comes into view.
An endoplasm comes into view.
Found 10 gold pieces.
The endoplasm quivers.
The dart slug barely misses you.
You scratch the dart slug but do no damage.
You scratch the dart slug.
The dart slug is heavily wounded.
The dart slug bites you.
You scratch the dart slug.
You kill the dart slug!
The endoplasm closely misses you.
You scratch the endoplasm.
The endoplasm is lightly wounded.
The endoplasm hits you.
You are too injured to fight recklessly!
You are too injured to fight recklessly!
You are too injured to fight recklessly!
You are too injured to fight recklessly!
You are too injured to fight recklessly!
You are too injured to fight recklessly!
You are too injured to fight recklessly!
You are too injured to fight recklessly!
You are too injured to fight recklessly!
You are too injured to fight recklessly!
You scratch the endoplasm but do no damage.
The endoplasm is lightly wounded.
The endoplasm freezes you.
You are frozen.
You die...

### ###>## #.##........
##....## #.........$
....⌠..## ..........
..⌠.....# .......#
⌠....⌠..# ......#
........# ....
..######## ####J# ###
##.####...@# #
##..........# ##
#...####.#..†......
.#####........#.........
..##....#######.........
.....##.# #.........
.###....# #........# ##
#....... ........#.
#.#....# #......#.


You could see an endoplasm.

Vanquished Creatures
  A dart slug (D:1)
  A hobgoblin (D:1)
2 creatures vanquished.

Notes
Turn   | Place    | Note
-------+----------+-------------------------------------------
     0 | D:1      | Descartes the Felid Wanderer began the quest for the Orb.
     0 | D:1      | Descartes set off with the following items: a potion of
                  | curing; and the following spell memorised: Magic Dart; and
                  | the following spells available to memorise: Blink, Call
                  | Imp, Corpse Rot, Slow, Static Discharge, Conjure Flame,
                  | Mephitic Cloud
     0 | D:1      | Reached XP level 1. HP: 9/9 MP: 4/4
   156 | D:1      | Frozen to death by an endoplasm

Illustrated notes

Levels and vault maps discovered:
D:1:      dpeg_arrival_leaves_temple_mockup, layout_basic,
          shapermc_ecumenical_altar_rom_forum, minmay_tromino_i2

Action                   || total
-------------------------++-------
Melee: Unarmed           ||    12
Armor: Skin              ||     1
Dodge: Dodged            ||     7
